 Dungeon Crawl Stone Soup version 0.27-a0-531-gb72ec1a1b6 (webtiles) character file.

Game seed: 16951139949516863119

602 porpoise the Skirmisher (level 7, -16/50 HPs)
             Began as an Octopode Fighter on Mar 5, 2021.
             Blown up by Ijyb (29 damage)
             ... with a mindburst bolt
             ... on level 5 of the Dungeon.
             The game lasted 00:12:58 (3969 turns).

porpoise the Skirmisher (Octopode Fighter)          Turns: 3969, Time: 00:12:59

Health: -16/50     AC:  1    Str: 15    XL:     7   Next: 41%
Magic:  7/7        EV: 12    Int: 11    God:
Gold:   34         SH:  8    Dex: 13    Spells: 6/6 levels left

rFire    . . .     SeeInvis .   a - +0 long sword
rCold    . . .     Faith    .   g - +0 kite shield
rNeg     . . .     Spirit   .   (helmet restricted)
rPois    .         Reflect  .   (no amulet)
rElec    .         Harm     .   (no ring)
rCorr    .         Rampage  .   (no ring)
Will     .....                  (no ring)
Stlth    +++.......             (no ring)
HPRegen  0.16/turn              (no ring)
MPRegen  0.10/turn              (no ring)
                                (no ring)
                                (no ring)

@: no status effects
A: almost no armour, amphibious, 8 rings, constrict 8, camouflage 1, gelatinous
body 1, nimble swimmer 1
a: no special abilities


You were on level 5 of the Dungeon.
You visited 1 branch of the dungeon, and saw 5 of its levels.

You collected 216 gold pieces.
You spent 182 gold pieces at shops.

Inventory:

Hand Weapons
 a - a +0 long sword (weapon)
 b - a +0 hunting sling
Missiles
 d - 196 stones
 e - 6 poisoned darts (quivered)
Armour
 g - a +0 kite shield (worn)
 h - a +0 tower shield
Jewellery
 m - a ring of fire
Scrolls
 i - a scroll of teleportation {unknown}
 j - a scroll of fear {unknown}
 k - a scroll of magic mapping {unknown}
 o - a scroll of immolation {unknown}
 p - a scroll of fog {unknown}
 q - a scroll of enchant weapon {unknown}
 r - a scroll of amnesia
Potions
 c - a potion of might
 f - a potion of haste
 l - 3 potions of curing
 n - a potion of invisibility
 s - 2 potions of heal wounds
 t - a potion of lignification


   Skills:
 - Level 5.0 Fighting
 - Level 2.0(3.7) Short Blades
 + Level 5.0(5.2) Long Blades
 + Level 4.4 Dodging
 - Level 3.0 Stealth
 - Level 3.0 Shields


You had 6 spell levels left.
You didn't know any spells.
Your spell library was empty.

Dungeon Overview and Level Annotations

Branches:
Dungeon (5/15)
 Temple: D:4-7

Altars:
Cheibriados
Fedhas
Gozag
Ru
Trog
Vehumet
The Shining One

Shops:
D:4 !

Annotations:
D:5 Ijyb


Innate Abilities, Weirdness & Mutations

You cannot wear most types of armour.
You are amphibious.
You can wear up to eight rings at the same time.
You can use your tentacles to constrict eight enemies at once.
Your skin changes colour to match your surroundings (Stealth+).
Your rubbery body absorbs attacks. (AC +1, EV +1)
You are stealthy while swimming. (Stealth+)


Message History

You throw a poisoned dart. The poisoned dart hits Ijyb.
Ijyb is poisoned.
Throw: 8 darts (poison)
Press: ? - help, Q - select action, (/) - cycle Shift-Dir - straight line, f/p - Ijyb
Aim: Ijyb, wielding a +0 club, wearing a +0 chain mail and carrying a wand of mindburst (9) (poisoned, 57% to hit)
You throw a poisoned dart. The poisoned dart closely misses Ijyb.
Throw: 7 darts (poison)
Press: ? - help, Q - select action, (/) - cycle Shift-Dir - straight line, f/p - Ijyb
Aim: Ijyb, wielding a +0 club, wearing a +0 chain mail and carrying a wand of mindburst (9) (poisoned, 59% to hit)
You throw a poisoned dart. The poisoned dart closely misses Ijyb.
Ijyb zaps a wand.
Your mind is blasted!
Ouch! That really hurt!
Ijyb zaps a wand.
You struggle to resist.
a - a +0 long sword (weapon)
b - a +0 hunting sling (weapon)
Ijyb zaps a wand.
Your mind is blasted!
* * * LOW HITPOINT WARNING * * *
You are too injured to fight recklessly!
Unknown command.
Fire: 199 stones
Press: ? - help, Q - select action, (/) - cycle Shift-Dir - straight line, f/p - Ijyb
Aim: Ijyb, wielding a +0 club, wearing a +0 chain mail and carrying a wand of mindburst (6) (poisoned, 57% to hit)
You shoot a stone. The stone hits Ijyb.
Ijyb is lightly wounded.
Fire: 198 stones
Press: ? - help, Q - select action, (/) - cycle Shift-Dir - straight line, f/p - Ijyb
Aim: Ijyb, wielding a +0 club, wearing a +0 chain mail and carrying a wand of mindburst (6) (moderately wounded, poisoned, 59% to hit)
You shoot a stone. The stone closely misses Ijyb.
Fire: 197 stones
Press: ? - help, Q - select action, (/) - cycle Shift-Dir - straight line, f/p - Ijyb
Aim: Ijyb, wielding a +0 club, wearing a +0 chain mail and carrying a wand of mindburst (6) (moderately wounded, poisoned, 59% to hit)
You shoot a stone. The stone hits Ijyb but does no damage.
Ijyb is moderately wounded.
Ijyb looks more healthy.
Ijyb zaps a wand.
You struggle to resist.
a - a +0 long sword (weapon)
You are too injured to fight recklessly!
You hit Ijyb but do no damage. You grab Ijyb.
Ijyb is moderately wounded.
You constrict Ijyb.
Ijyb zaps a wand.
Your mind is blasted!
Ouch! That really hurt!
You die...

#... .... ... (# #..##.... ..##
(.#.. #......# !..##.(...
......####....(...
#.....#...........
#######.....##....(..# ##
.............#...g...##...
................@.........
......###.................
.....#####.........#.....
.....'...##.......## ....
.....'...##.......# #.
.....'...##.......# #.##.#
.....#####........### . ..#..#
......###...........#.. .......
............##.........#.#...##


You could see Ijyb.

Vanquished Creatures
  2 ogres (D:4)
  4 hounds (D:5)
  6 worker ants
  6 adders
  2 worms (D:2)
  An adder skeleton (D:4)
  3 dart slugs (D:1)
  8 leopard geckos
  6 orcs
  2 ball pythons
  3 giant cockroaches
  4 goblins
  10 hobgoblins
  10 jackals
  A quokka (D:4)
  6 bats
  2 frilled lizards
  A jackal skeleton (D:4)
  8 kobolds
  A leopard gecko skeleton (D:4)
  11 rats
97 creatures vanquished.

Notes
Turn   | Place    | Note
-------+----------+-------------------------------------------
     0 | D:1      | porpoise the Octopode Fighter began the quest for the Orb.
     0 | D:1      | Reached XP level 1. HP: 16/16 MP: 1/1
    56 | D:1      | Reached skill level 1 in Stealth
    81 | D:1      | Reached XP level 2. HP: 21/21 MP: 2/2
   281 | D:1      | Reached XP level 3. HP: 21/26 MP: 3/3
   434 | D:1      | Reached skill level 1 in Short Blades
  1065 | D:2      | Reached XP level 4. HP: 20/33 MP: 4/4
  1232 | D:2      | Found a radiant altar of Vehumet.
  2091 | D:3      | Reached XP level 5. HP: 31/37 MP: 5/5
  2199 | D:3      | Found a snail-covered altar of Cheibriados.
  2203 | D:3      | Found a blossoming altar of Fedhas.
  2205 | D:3      | Found an opulent altar of Gozag.
  2205 | D:3      | Found a glowing golden altar of the Shining One.
  2700 | D:4      | Noticed an ogre
  2711 | D:4      | Killed an ogre
  2712 | D:4      | Reached XP level 6. HP: 45/45 MP: 6/6
  2844 | D:4      | Reached skill level 5 in Fighting
  3019 | D:4      | Found a sacrificial altar of Ru.
  3431 | D:4      | Reached XP level 7. HP: 16/50 MP: 7/7
  3647 | D:4      | Found a bloodstained altar of Trog.
  3735 | D:4      | Found Niuv's Distillery.
  3738 | D:4      | Bought a potion of heal wounds for 70 gold pieces
  3738 | D:4      | Bought a potion of heal wounds for 70 gold pieces
  3738 | D:4      | Bought a potion of lignification for 42 gold pieces
  3745 | D:5      | Entered Level 5 of the Dungeon
  3883 | D:5      | Reached skill level 5 in Long Blades
  3958 | D:5      | Noticed Ijyb
  3969 | D:5      | Blown up by Ijyb

Illustrated notes

Levels and vault maps discovered:
D:1:      nagdon_arrival_zigzag_paths, layout_basic, minmay_splitting_lines,
          moated_statue
D:2:      layout_loops_ring, vehumet_crystals
D:3:      layout_loops_ring, grunt_temple_overflow_open
D:4:      layout_rooms, overflow_temple_1_default, nicolae_ru_awakened_eye,
          serial_shops, kennysheep_mini
D:5:      layout_cave_pools, minmay_temple_entry_wispy, serial_gnoll_camp,
          gnoll_camp_mini_doghouse, gnoll_camp_mini_hut, grums_kennel,
          gnoll_camp_mini_house, trog_hazing_becter, uniq_ijyb

Skill      XL: |  1  2  3  4  5  6  7 |
---------------+----------------------+-----
Stealth        | 2 3 |  3.0
Short Blades   | 1 2 |  2.0
Fighting       | 4 5 |  5.0
Long Blades    | 3 4 5 |  5.0
Dodging        | 4 |  4.4
Shields        | |  3.0

Action                   |  1- 3 |  4- 6 |  7- 9 || total
-------------------------+-------+-------+-------++-------
Melee: Long sword        |    53 |    63 |    14 ||   130
       Constrict         |    15 |    18 |     6 ||    39
       Tentacles         |    10 |    14 |     3 ||    27
 Fire: Hunting sling     |    18 |    83 |    14 ||   115
Throw: Dart              |       |       |     4 ||     4
  Use: Scroll            |       |     2 |     2 ||     4
 Stab: Sleeping          |     5 |       |     1 ||     6
Armor: Skin              |     6 |     8 |     1 ||    15
Dodge: Dodged            |    20 |    29 |    12 ||    61
Block: Kite shield       |    23 |    32 |     7 ||    62
       Rpst.: Long sword |     8 |     9 |     3 ||    20

Table legend: (Time is in decaauts)
 A = Elapsed time spent in this place.
 B = Non-inter-level travel time spent in this place.
 C = Inter-level travel time spent in this place.
 D = Time resting spent in this place.
 E = Time spent auto-exploring this place.
 F = Levels seen in this place.
 G = Mean time per level.
                   A        B        C        D        E       F      G
               +--------+--------+--------+--------+--------+-----+--------+
         Total |   4040 |   3980 |     60 |   1162 |   2044 |   5 |  808.0 |
       Dungeon |   4040 |   3980 |     60 |   1162 |   2044 |   5 |  808.0 |
               +--------+--------+--------+--------+--------+-----+--------+

Top non-repeatable levels by time:
     D:4: 1128 daAuts
     D:2: 950 daAuts
     D:1: 887 daAuts
     D:3: 876 daAuts
     D:5: 197 daAuts
